 Dungeon Crawl Stone Soup version 0.31-a0-202-g547052bce9 (webtiles) character file.

Game seed: 3836724668590904326

36 qw the Shooter (level 3, 0/20 HPs)
             Began as a Deep Elf Hunter on June 26, 2023.
             Slain by Sigmund
             ... wielding a +0 scythe
              (6 damage)
             ... on level 3 of the Dungeon.
             The game lasted 00:00:26 (1048 turns).

qw the Shooter (Deep Elf Hunter)                    Turns: 1048, Time: 00:00:27

Health: 0/20       AC:  6    Str: 10    XL:     3   Next: 19%
Magic:  0/5        EV: 17    Int: 13    God:
Gold:   135        SH:  0    Dex: 18    Spells: 2/2 levels left

rFire   . . .        Y - +0 shortbow
rCold   . . .        (shield currently unavailable)
rNeg    . . .        c - +0 leather armour
rPois   +            (no helmet)
rElec   .            e - +0 cloak
rCorr   .            l - +0 pair of gloves
SInv    .            d - +0 pair of boots
Will    .....        j - amulet of guardian spirit
Stlth   ++           g - ring of poison resistance
HPRegen 0.23/turn    f - +5 ring of evasion
MPRegen 0.09/turn

%: guardian spirit
@: no status effects
A: no striking features
a: no special abilities


You were on level 3 of the Dungeon.
You visited 1 branch of the dungeon, and saw 3 of its levels.

You collected 135 gold pieces.


   Skills:
 - Level 1.5 Fighting
 + Level 6.8 Ranged Weapons
 - Level 2.4 Dodging
 - Level 1.2 Stealth


You had 2 spell levels left.
You didn't know any spells.
Your spell library was empty.

Inventory:

Hand Weapons
 Y - a +0 shortbow (weapon)
Armour
 c - a +0 leather armour (worn)
 d - a +0 pair of boots (worn)
 e - a +0 cloak (worn)
 l - a +0 pair of gloves (worn)
Jewellery
 f - a +5 ring of evasion (right hand)
 g - a ring of poison resistance (left hand)
 j - an amulet of guardian spirit (around neck)
Scrolls
 b - 2 scrolls of identify
Potions
 a - a potion of cancellation
 h - a potion of haste
 i - a potion of mutation

Dungeon Overview and Level Annotations

Branches:
Dungeon (3/15)

Altars:

Annotations:
D:2 1 runed translucent door, Crazy Yiuf
D:3 Sigmund


Message History

The endoplasm jiggles.
You shoot an arrow. The arrow hits the endoplasm.
The endoplasm is almost dead.
The endoplasm jiggles.
You shoot an arrow.
The arrow hits the endoplasm but does no damage.
The endoplasm is almost dead.
You shoot an arrow. The arrow hits the endoplasm.
You kill the endoplasm!
You open the door.
There is an open door here.
You now have 127 gold pieces (gained 11).
You now have 135 gold pieces (gained 8).
Sigmund the Dreaded comes into view.
He is wielding a +0 scythe.
Sigmund shouts!
You shoot an arrow. The arrow hits Sigmund.
Sigmund is moderately wounded.
You shoot an arrow. The arrow hits Sigmund.
Sigmund is moderately wounded.
You shoot an arrow. The arrow hits Sigmund.
Sigmund is heavily wounded.
You shoot an arrow.
The arrow hits Sigmund but does no damage.
Sigmund is heavily wounded.
Sigmund hits you from afar with a +0 scythe.
You shoot an arrow. The arrow closely misses Sigmund.
You shoot an arrow. The arrow hits Sigmund.
Sigmund is severely wounded.
Sigmund mumbles some strange words.
Sigmund flickers and vanishes!
Deactivating autopickup; reactivate with Ctrl-A.
Something hits you.
You shoot an arrow. You shoot an arrow. Something hits you!
You shoot an arrow. Something hits you.
You shoot an arrow. Something hits you!
You die...

##..... ##.
#...... ...
+...... #..
... #......
#.###...
#.....
#.##.....#
##....
#{##..#..#
##...
#.##..#..#
##'#
#@##..#..# #.#
#.##..#..# #.#
#........#
##.#
####.....##
##...
#.........#
#....
#.###.###.#
##... #.#
#.###.####....
#.#
#..........###
#.#
#####.######


There were no monsters in sight!

Vanquished Creatures
  A worm (D:2)
  6 ball pythons
  2 bats
  4 endoplasms
  2 giant cockroaches
  A goblin (D:1)
  3 hobgoblins (D:2)
  2 jackals (D:1)
  A quokka (D:2)
  2 frilled lizards (D:1)
  4 kobolds
  4 rats (D:2)
32 creatures vanquished.

Notes
Turn   | Place    | Note
-------+----------+-------------------------------------------
     0 | D:1      | qw the Deep Elf Hunter began the quest for the Orb.
     0 | D:1      | Reached XP level 1. HP: 12/12 MP: 3/3
     0 | D:1      | 0 ||| qw: Version: 0.3-a-22-g0ed2b0b
     0 | D:1      | 0 ||| qw: Game counter: 5763
     0 | D:1      | 0 ||| qw: Melee chars always use a shield: true
     0 | D:1      | 0 ||| qw: God list: Okawaru
     0 | D:1      | 0 ||| qw: Allow faded altars: false
     0 | D:1      | 0 ||| qw: Do Orc after clearing Dungeon:15 true
     0 | D:1      | 0 ||| qw: Do second Lair branch before Depths: true
     0 | D:1      | 0 ||| qw: Lair rune preference: random
     0 | D:1      | 0 ||| qw: Goals: Normal
     0 | D:1      | 0 ||| PLANNING D:1-11
   117 | D:1      | Reached skill level 6 in Ranged Weapons
   117 | D:1      | Reached XP level 2. HP: 16/16 MP: 4/4
   398 | D:1      | 398 ||| UPGRADING to +0 pair of boots.
   403 | D:1      | 403 ||| UPGRADING to +0 cloak.
   408 | D:1      | 408 ||| UPGRADING to amulet of guardian spirit.
   413 | D:1      | 413 ||| UPGRADING to ring of poison resistance.
   414 | D:1      | 414 ||| READING scroll labelled JACWE RYORCH.
   415 | D:1      | 415 ||| READING scroll labelled PENTOU RYTEX.
   416 | D:1      | 416 ||| DROPPING scroll of butterflies.
   480 | D:2      | Found a runed translucent door.
   481 | D:2      | Noticed Crazy Yiuf
   686 | D:2      | Reached XP level 3. HP: 18/20 MP: 5/5
   953 | D:2      | 953 ||| UPGRADING to +0 pair of gloves.
   958 | D:2      | 958 ||| UPGRADING to +5 ring of evasion.
   959 | D:2      | 959 ||| READING scroll labelled OLAOH BEJONT.
   960 | D:2      | 960 ||| DRINKING 2 dark potions.
   961 | D:2      | 961 ||| READING 4 scrolls of identify.
   961 | D:2      | 961 ||| IDENTIFYING lumpy brown potion
   962 | D:2      | 962 ||| READING 3 scrolls of identify.
   962 | D:2      | 962 ||| IDENTIFYING fizzy ruby potion
  1038 | D:3      | Noticed Sigmund
  1048 | D:3      | Slain by Sigmund

Levels and vault maps discovered:
D:1:      lightli_arrival_quake, layout_rooms, minivault_19
D:2:      kennysheep_big_flooded_room, layout_basic, uniq_crazy_yiuf_cottage
D:3:      layout_loops_corners, serial_shops, nicolae_shop_tiny_glass,
          uniq_sigmund

Skill      XL: |  1 |
---------------+----+-----
Ranged Weapons | 6 |  6.8
Fighting       | |  1.5
Dodging        | |  2.4
Stealth        | |  1.2

Action                     || total
---------------------------++-------
   Fire: Shortbow          ||    92
    Use: Scroll            ||     5
         Potion            ||     1
 Armour: Leather armour    ||     5
  Dodge: Dodged            ||    11

Table legend:
 A = Non-vault XP
 B = Vault XP
 C = Vault XP percentage of total XP
 D = Non-vault monster count
 E = Vault monster count
 F = Vault count percentage of total count
                 A         B        C        D         E       F
            +---------+---------+-------+---------+---------+-------
      Total |      48 |       4 |   7.7 |      30 |       2 |   6.2
            +---------+---------+-------+---------+---------+-------
        D:1 |      25 |       0 |   0.0 |      16 |       0 |   0.0
        D:2 |      21 |       4 |  16.0 |      13 |       2 |  13.3
        D:3 |       2 |       0 |   0.0 |       1 |       0 |   0.0
            +---------+---------+-------+---------+---------+-------
